 Dungeon Crawl Stone Soup version 0.30.1-11-g7821555f0a (webtiles) character file.

Game seed: 7249188397722664743

4949 Tokugawa the Spear-Bearer (level 10, 0/84 HPs)
             Began as a Minotaur Gladiator on Dec 20, 2023.
             Was a Believer of Okawaru.
             Slain by a kobold brigand
             ... wielding a +0 whip of distortion
              (3 damage)
             ... on level 8 of the Dungeon.
             The game lasted 00:21:51 (7480 turns).

Tokugawa the Spear-Bearer (Minotaur Gladiator)      Turns: 7480, Time: 00:21:52

Health: 0/84       AC:  5    Str: 21    XL:     10   Next: 28%
Magic:  19/19      EV: 20    Int:  7    God:    Okawaru [**....]
Gold:   357        SH:  0    Dex: 14    Spells: 9/10 levels left

rFire   . . .        v - +4 halberd
rCold   x . .        (shield currently unavailable)
rNeg    . . .        k - +0 robe of the Untouchables {rPois rC- MP+9 Dex+2}
rPois   +            c - +0 hat
rElec   .            (no cloak)
rCorr   .            (no gloves)
SInv    .            t - +2 pair of boots
Will    .....        r - amulet of the acrobat
Stlth   ++           n - +5 ring of evasion
HPRegen 0.34/turn    w - ring of wizardry
MPRegen 0.16/turn

%: acrobat, wizardry (x1)
@: no status effects
A: horns 2, retaliatory headbutt
a: Renounce Religion, Heroism


You were on level 8 of the Dungeon.
You worshipped Okawaru.
Okawaru was pleased with you.
You visited 2 branches of the dungeon, and saw 9 of its levels.

You collected 484 gold pieces.
You spent 127 gold pieces at shops.

Inventory:

Hand Weapons
 v - a +4 halberd (weapon)
Missiles
 y - a javelin
 B - 4 atropa-tipped darts (quivered)
Armour
 b - a +0 leather armour
 c - a +0 hat (worn)
 k - the +0 robe of the Untouchables (worn) {rPois rC- MP+9 Dex+2}
   (You found it on level 5 of the Dungeon)

   Dex:       It affects your dexterity (+2).
   rC:        It makes you vulnerable to cold.
   rPois:     It protects you from poison.
   MP:        It affects your magic capacity (+9).
 q - a +0 plate armour
 t - a +2 pair of boots (worn)
Jewellery
 h - a ring of fire
 j - a ring of flight
 n - a +5 ring of evasion (left hand)
 r - an amulet of the acrobat (around neck)
 w - a ring of wizardry (right hand)
Wands
 x - a wand of flame (6)
Scrolls
 d - a scroll of vulnerability
 e - a scroll of fog
 f - a scroll of torment
 o - a scroll of amnesia
 u - a scroll of teleportation
Potions
 g - 4 potions of cancellation
 i - a potion of ambrosia
 l - 2 potions of brilliance
 m - 2 potions of lignification
 p - a potion of magic
 s - a potion of degeneration
 A - 3 potions of haste
 C - a potion of attraction {unknown}
 D - a potion of heal wounds {unknown}
 E - a potion of might {unknown}


   Skills:
 * Level 6.8 Fighting
 * Level 8.7(10.3) Polearms
 * Level 8.5(10.2) Staves
 * Level 4.8 Throwing
 * Level 5.7 Armour
 * Level 6.7 Dodging
 * Level 3.8 Stealth
 * Level 0.5 Spellcasting
 * Level 0.5 Conjurations
 * Level 0.6 Fire Magic
 * Level 1.9 Invocations
 * Level 1.6 Evocations


You had 9 spell levels left.
You knew the following spells:

 Your Spells              Type           Power      Damage    Failure   Level
a - Foxfire               Conj/Fire      0%         2x1d4     14%         1

Your spell library contained the following spells:

 Spells                   Type           Power      Damage    Failure   Level
 Freeze                   Ice            0%         1d3       17%         1
 Ensorcelled Hibernation  Hex/Ice        0%         N/A       26%         2
 Passwall                 Tmut/Erth      0%         N/A       26%         2
 Hailstorm                Conj/Ice       0%         3d3       43%         3
 Frozen Ramparts          Ice            0%         1d1       45%         3
 Swiftness                Air            0%         N/A       45%         3
 Passage of Golubria      Tloc           0%         N/A       85%         4
 Fireball                 Conj/Fire      0%         3d3       98%         5
 Yara's Violent Unravell  Hex/Tmut       0%         3d3       99%         5
 Plasma Beam              Fire/Air       0%         2x1d11    100%        6
 Starburst                Conj/Fire      0%         6d3       100%        6
 Tukima's Dance           Hex            Unusable   N/A       N/A         3

Dungeon Overview and Level Annotations

Branches:
Dungeon (8/15)             Temple (1/1) D:7            Lair (0/5) D:8

Altars:
Ashenzari
Dithmenos
Elyvilon
Gozag
Hepliaklqana
Makhleb
Okawaru
Qazlal
Ru
Sif Muna
Trog
Uskayaw
Vehumet
Wu Jian
Xom
Yredelemnul
Zin
The Shining One

Shops:
D:2 *   D:6 *

Annotations:
D:8 turdburglar's ghost, novice DsGl


Innate Abilities, Weirdness & Mutations

You have a pair of horns on your head.
You reflexively headbutt those who attack you in melee.


Message History

The kobold brigand completely misses you.
You furiously retaliate!
You headbutt the kobold brigand!
Things that are here:
a +0 whip; 4 poisoned darts; a wand of iceblast (10)
You hit the kobold brigand.
The kobold brigand is heavily wounded.
The kobold brigand hits you with a +2 short sword of venom.
* * * LOW HITPOINT WARNING * * *
You puncture the kobold brigand!
The kobold brigand is almost dead.
The kobold brigand misses you.
You closely miss the kobold brigand.
Your headbutt misses the kobold brigand.
The kobold brigand is almost dead.
The kobold brigand misses you.
You completely miss the kobold brigand.
The kobold brigand is almost dead.
The kobold brigand closely misses you.
You barely miss the kobold brigand.
The kobold brigand is almost dead.
The kobold brigand completely misses you.
You furiously retaliate!
You headbutt the kobold brigand!
You kill the kobold brigand!
Okawaru accepts your kill.
You miss the kobold brigand. You headbutt the kobold brigand.
The kobold brigand is heavily wounded.
The kobold brigand misses you.
You puncture the kobold brigand! You headbutt the kobold brigand.
You kill the kobold brigand!
Okawaru accepts your kill.
The kobold brigand throws a poisoned dart.
The poisoned dart misses you.
The kobold brigand hits you but does no damage.
Space warps horribly around you!
* * * LOW HITPOINT WARNING * * *
Items here: (( )))))) †††.
You slash the kobold brigand! You headbutt the kobold brigand!
The kobold brigand is heavily wounded.
The kobold brigand hits you with a +0 whip of distortion.
You die...

.......#......##.........#
.............###.#KK.#####
...#.........###.#K###
...........#.#.....#
...........#.#.###.#
#.#.....#~##.#.# #.#
##..########.#.###.# ##.##
#.#..K..# ##.# #.###@###
...# #.# #)# #### ####.#
#|# ##....# #)# #...###
#.# #...# #.#
####...#####.#
#.........##.#
#.........##.#


You could see a kobold brigand.

Vanquished Creatures
  Pikel (D:4)
  A kobold demonologist (D:8)
  A polar bear (D:8)
  A steam dragon (D:5)
  4 ice beasts
  4 sky beasts
  2 ogres (D:6)
  3 wolves (D:8)
  2 centaurs (D:8)
  A phantom (D:5)
  11 kobold brigands
  3 bullfrogs
  A scorpion (D:5)
  4 wights (D:7)
  9 howler monkeys
  A crimson imp (D:7)
  4 hounds
  3 jellies
  A gnoll bouda (D:5)
  2 orc priests
  Natasha (twice) (D:3)
  A sleepcap (D:6)
  Terence (D:3)
  An orc wizard (D:8)
  5 iguanas
  2 centaur simulacra (D:4)
  The ghost of comborobin the Sneak, a weakling DgDe (D:4)
  2 scorpion simulacra (D:4)
  7 adders
  11 gnolls
  2 hound simulacra (D:4)
  A shadow imp (D:7)
  2 white imps
  3 worms
  A dart slug (D:2)
  14 orcs
  2 ball pythons (D:2)
  4 endoplasms
  2 giant cockroaches
  7 goblins
  6 hobgoblins
  4 quokkas
  9 bats
  2 frilled lizards (D:1)
  14 kobolds
  5 rats
170 creatures vanquished.

Vanquished Creatures (others)
  An orc wizard (D:8)
  An orc (D:5)
2 creatures vanquished.

Grand Total: 172 creatures vanquished

Notes
Turn   | Place    | Note
-------+----------+-------------------------------------------
     0 | D:1      | Tokugawa the Minotaur Gladiator began the quest for the
                  | Orb.
     0 | D:1      | Reached XP level 1. HP: 18/18 MP: 0/0
   258 | D:1      | Reached XP level 2. HP: 24/25 MP: 1/1
   433 | D:2      | Found a faded altar of an unknown god.
   635 | D:2      | Found Goupon's Assorted Antiques.
   658 | D:2      | Reached skill level 1 in Armour
   685 | D:2      | Reached skill level 1 in Polearms
   737 | D:2      | Reached XP level 3. HP: 30/30 MP: 2/2
   994 | D:3      | Noticed Terence
   999 | D:3      | Killed Terence
  1000 | D:3      | Reached XP level 4. HP: 35/37 MP: 3/3
  1025 | D:4      | Noticed Pikel
  1025 | D:4      | Noticed a lemure
  1026 | D:4      | Noticed a lemure
  1027 | D:4      | Noticed a lemure
  1027 | D:4      | Noticed a lemure
  1243 | D:4      | Found a runed translucent gate.
  1244 | D:4      | Found a runed translucent gate.
  1246 | D:4      | Found a runed translucent gate.
  1277 | D:4      | Killed Pikel
  1278 | D:4      | Reached skill level 1 in Stealth
  1278 | D:4      | Reached XP level 5. HP: 46/46 MP: 4/4
  1278 | D:4      | Reached XP level 6. HP: 52/52 MP: 5/5
  1278 | D:4      | Reached XP level 7. HP: 59/59 MP: 6/6
  1393 | D:4      | Noticed comborobin's ghost (weakling DgDe)
  1471 | D:4      | Killed comborobin's ghost
  1472 | D:4      | Reached skill level 5 in Dodging
  1612 | D:5      | Entered Level 5 of the Dungeon
  1628 | D:5      | Noticed a steam dragon
  1651 | D:5      | Killed a steam dragon
  1652 | D:5      | Reached XP level 8. HP: 35/67 MP: 7/7
  1911 | D:5      | Found a stormy altar of Qazlal.
  1914 | D:5      | Noticed an air elemental
  1977 | D:5      | Identified the +0 robe of the Untouchables {rPois rC- MP+9
                  | Dex+2}
  2184 | D:5      | You fall into a shaft and drop 3 floors!
  2467 | D:8      | Reached skill level 5 in Fighting
  2838 | D:8      | Noticed a polar bear
  2841 | D:8      | Noticed a rime drake
  3070 | D:7      | Reached skill level 5 in Polearms
  3176 | D:7      | Reached XP level 9. HP: 74/75 MP: 8/8
  3226 | D:7      | Found a staircase to the Ecumenical Temple.
  3260 | Temple   | Entered the Ecumenical Temple
  3283 | Temple   | Became a worshipper of Warmaster Okawaru
  3417 | D:7      | Found a burning altar of Makhleb.
  3483 | D:7      | Found an ornate altar of the Wu Jian Council.
  3483 | D:7      | Found a sacrificial altar of Ru.
  3484 | D:7      | Found a shimmering altar of Xom.
  3583 | D:7      | Reached skill level 5 in Armour
  4242 | D:6      | Found Haups's Specific Store.
  4245 | D:6      | Found Iputtu's General Store.
  4252 | D:6      | Bought a wand of iceblast (2) for 52 gold pieces
  4256 | D:6      | Bought a wand of flame (7) for 53 gold pieces
  4256 | D:6      | Bought a scroll of identify for 22 gold pieces
  4279 | D:6      | Reached * piety under Okawaru
  4338 | D:6      | Found a white marble altar of Elyvilon.
  4374 | D:6      | Found a radiant altar of Vehumet.
  5441 | D:3      | Noticed Natasha
  5450 | D:3      | Killed Natasha
  5484 | D:3      | Noticed Natasha
  5488 | D:3      | Killed Natasha
  5489 | D:3      | Reached skill level 1 in Invocations
  6739 | D:8      | Reached skill level 1 in Evocations
  6777 | D:8      | Reached ** piety under Okawaru
  6833 | D:8      | Found a staircase to the Lair.
  6848 | D:8      | Identified a scroll of acquirement
  6848 | D:8      | Acquired a ring of wizardry
  6853 | D:8      | Learned a level 1 spell: Foxfire
  6958 | D:8      | Killed a polar bear
  6959 | D:8      | Reached XP level 10. HP: 43/84 MP: 10/10
  7290 | D:8      | Found a runed translucent gate.
  7292 | D:8      | Found a runed translucent gate.
  7292 | D:8      | Noticed turdburglar's ghost (novice DsGl)
  7293 | D:8      | Found a runed translucent gate.
  7479 | D:8      | HP: 3/84 [kobold brigand/+0 whip of distortion (17)]
  7480 | D:8      | Slain by a kobold brigand

Illustrated notes

Levels and vault maps discovered:
D:1:      saegor_arrival_simple_c, layout_basic, roderic_lattice_a
D:2:      layout_loops_ring, serial_shops, nicolae_shop_real_fake_doors,
          hellmonk_ecumenical_altar_leap_of_faith
D:3:      layout_basic, uniq_terence, uniq_natasha
D:4:      layout_rooms, gammafunk_ghost_icy, uniq_pikel
D:5:      layout_loops_ring, nicolae_qazlal_style_of_elements
D:6:      layout_cave_pools, mainiacjoe_overflow_catch_the_wave,
          nicolae_specific_store
D:7:      layout_basic, gammafunk_temple_overflow_claw, makhleb_grotto_becter,
          temple_doors_e, hangedman_decor_riveting
D:8:      layout_loops_ring, hellmonk_lair_entry_icy,
          gammafunk_ghost_nasty_kobolds
Temple:   cyrus_circular_temple

Skill      XL: |  1  2  3  4  5  6  7  8  9 |
---------------+----------------------------+-----
Staves         | 4 6 7 8 |  8.5
Armour         | 1 3 4 5 |  5.7
Polearms       | 1 2 3 5 8 |  8.7
Fighting       | 4 5 6 |  6.8
Dodging        | 4 5 6 |  6.7
Stealth        | 1 2 3 |  3.8
Throwing       | 3 4 |  4.8
Invocations    | 1 |  1.9
Evocations     | 1 |  1.6
Spellcasting   | |  0.5
Conjurations   | |  0.5
Fire Magic     | |  0.6

Action                     |  1- 3 |  4- 6 |  7- 9 | 10-12 || total
---------------------------+-------+-------+-------+-------++-------
  Melee: Quarterstaff      |    51 |    31 |    64 |       ||   146
         Headbutt          |     8 |     4 |    56 |    18 ||    86
         Halberd           |       |       |   218 |    53 ||   271
  Throw: Javelin           |     6 |     1 |     7 |       ||    14
         Throwing net      |     1 |     4 |     1 |       ||     6
         Dart              |       |       |     3 |       ||     3
 Invoke: Heroism           |       |       |       |     1 ||     1
  Evoke: Wand              |       |       |     2 |     1 ||     3
    Use: Scroll            |     7 |     2 |    17 |     1 ||    27
         Potion            |       |       |     1 |     1 ||     2
   Stab: Held in net/web   |       |     2 |       |       ||     2
         Sleeping          |       |       |     4 |       ||     4
         Invisible         |       |       |     1 |       ||     1
 Armour: Leather armour    |    15 |     6 |     7 |       ||    28
         Robe              |       |       |    37 |     6 ||    43
         Plate armour      |       |       |    15 |       ||    15
  Dodge: Dodged            |    41 |    46 |   322 |    33 ||   442
